 Dungeon Crawl Stone Soup version 0.30-a0-709-gcdc1b43e22 (webtiles) character file.

Game seed: 12978328159612313713

52 Bnni the Vexing (level 4, 0/32 (33) HPs)
             Began as a Formicid Hexslinger on Jan 22, 2023.
             Slain by a goblin
             ... wielding a +0 club
             ... led by Robin
              (4 damage)
             ... on level 2 of the Dungeon.
             The game lasted 00:01:01 (1263 turns).

Bnni the Vexing (Formicid Hexslinger)               Turns: 1263, Time: 00:01:02

HP:   0/32 (33)     AC:  2    Str: 14    XL:     4   Next: 8%
MP:   0/6           EV: 12    Int: 13    God:
Gold: 123           SH:  0    Dex: 16    Spells: 4/5 levels left

rFire   . . .      SeeInvis +    a - +1 sling
rCold   . . .      Faith    .    (no shield)
rNeg    . . .      Spirit   .    c - +0 robe
rPois   .          Reflect  .    (helmet unavailable)
rElec   .          Harm     .    (no cloak)
rCorr   .          Rampage  .    (no gloves)
Will    .....                    (no boots)
Stlth   +                        (no amulet)
HPRegen 0.25/turn                (no ring)
MPRegen 0.10/turn                (no ring)

@: lightly drained
A: permanent stasis, dig shafts and tunnels, antennae 3, four strong arms
a: Dig, Shaft Self


You were on level 2 of the Dungeon.
You visited 1 branch of the dungeon, and saw 2 of its levels.

You collected 123 gold pieces.

Inventory:

Hand Weapons
 a - a +1 sling (weapon)
Armour
 c - a +0 robe (worn)
Jewellery
 d - a ring of positive energy
Scrolls
 b - 3 scrolls of poison
 f - a scroll of immolation {unknown}
 g - 2 scrolls of identify {unknown}
 h - a scroll of torment {unknown}
 i - a scroll of fog {unknown}
 j - 2 scrolls of silence {unknown}
 k - 2 scrolls of fear {unknown}
 m - a scroll of blinking {unknown}
 n - a scroll of magic mapping {unknown}
Potions
 e - 2 potions of invisibility {unknown}
 l - a potion of curing {unknown}


   Skills:
 + Level 1.7 Fighting
 * Level 2.5 Ranged Weapons
 - Level 1.7 Dodging
 + Level 1.4 Spellcasting
 * Level 4.3 Hexes
 * Level 1.3 Fire Magic


You had 4 spell levels left.
You knew the following spells:

 Your Spells              Type           Power      Damage    Failure   Level
a - Slow                  Hex            48%        N/A       4%          1

Your spell library contained the following spells:

 Spells                   Type           Power      Damage    Failure   Level
 Inner Flame              Hex/Fire       8%         N/A       26%         3
 Portal Projectile        Hex/Tloc       12%        N/A       32%         3
 Cause Fear               Hex            6%         N/A       41%         4


Dungeon Overview and Level Annotations

Branches:
Dungeon (2/15)

Altars:


Innate Abilities, Weirdness & Mutations

You cannot be hasted, slowed, berserked, paralysed or teleported.
You can dig through walls and to a lower floor.
You have a pair of large antennae on your head. (SInv)
Your four strong arms can wield two-handed weapons with a shield.


Message History

Robin is no longer moving slowly.
You shoot a sling bullet. The sling bullet hits Robin.
You kill Robin!
The goblin hits you but does no damage.
You have reached level 4!
You feel clever.
Casting: Slow (safe; 4% risk of failure)
Confirm with . or Enter, or press ? or * to list all spells.
Aiming: Slow (safe; 4% risk of failure)
Press: ? - help, Shift-Dir - straight line, f - goblin
Aim: a goblin, wielding a +0 club (strong, chance to affect: 63%)
The goblin resists with significant effort.
The goblin closely misses you.
Casting: Slow (safe; 4% risk of failure)
Confirm with . or Enter, or press ? or * to list all spells.
Aiming: Slow (safe; 4% risk of failure)
Press: ? - help, Shift-Dir - straight line, f/p - goblin
Aim: a goblin, wielding a +0 club (strong, chance to affect: 63%)
The goblin resists with significant effort.
The goblin misses you.
You shoot a sling bullet. The sling bullet hits the goblin!
You kill the goblin!
You shoot a sling bullet. The sling bullet hits the goblin.
The goblin is severely wounded.
The goblin hits you with a +0 club.
* * * LOW HITPOINT WARNING * * *
You shoot a sling bullet. The sling bullet hits the goblin.
You kill the goblin!
The goblin closely misses you.
You shoot a sling bullet.
The sling bullet barely misses the goblin.
The goblin hits you with a +0 club.
* * * LOW HITPOINT WARNING * * *
Casting: Slow (safe; 4% risk of failure)
Confirm with . or Enter, or press ? or * to list all spells.
Aiming: Slow (safe; 4% risk of failure)
Press: ? - help, Shift-Dir - straight line, f/p - goblin
Aim: a goblin, wielding a +0 club (strong, chance to affect: 63%)
The goblin seems to slow down.
The goblin hits you with a +0 club.
You die...

#.....#
#.........#
#.##..#
#.###.###.#
#.....#
###.###.#
#..#.##
.........
#....#
###.####.
##.### #.#
#. #.## #..
.. #.g## ###
##. #.#@# #.
g..g).g.###
#. #########
#. ## #### {
#... #.##
#...
......####.#
###.##


You could see a goblin (strong, slow).

Vanquished Creatures
  Robin (D:2)
  2 dart slugs
  4 endoplasms (D:1)
  A giant cockroach (D:1)
  6 goblins
  2 hobgoblins
  3 jackals (D:1)
  2 kobolds
  2 quokkas
  5 ball pythons
  2 bats (D:2)
  2 frilled lizards (D:1)
  2 rats (D:1)
34 creatures vanquished.

Notes
Turn   | Place    | Note
-------+----------+-------------------------------------------
     0 | D:1      | Bnni the Formicid Hexslinger began the quest for the Orb.
     0 | D:1      | Reached XP level 1. HP: 15/15 MP: 2/2
    52 | D:1      | Reached XP level 2. HP: 14/21 MP: 3/3
   409 | D:1      | Reached skill level 4 in Hexes
   409 | D:1      | Reached XP level 3. HP: 26/26 MP: 4/4
   415 | D:1      | Reached skill level 1 in Fire Magic
  1230 | D:2      | Noticed Robin
  1246 | D:2      | HP: 1/22 [Robin/+0 short sword (4)]
  1256 | D:2      | Killed Robin
  1257 | D:2      | Reached XP level 4. HP: 6/31 MP: 2/6
  1263 | D:2      | Slain by a goblin

Illustrated notes

Levels and vault maps discovered:
D:1:      nzn_arrival_depleted_hourglass, layout_basic, serial_bayou_lake_a
D:2:      layout_loops_corners, uniq_robin, uniq_crazy_yiuf_cottage

Skill      XL: |  1  2  3 |
---------------+----------+-----
Hexes          | 4 |  4.3
Fire Magic     | 1 |  1.3
Fighting       | |  1.7
Ranged Weapons | |  2.5
Dodging        | |  1.7
Spellcasting   | |  1.4

Action                     |  1- 3 |  4- 6 || total
---------------------------+-------+-------++-------
   Fire: Sling             |    92 |     4 ||    96
   Cast: Slow              |     4 |     3 ||     7
Ability: Dig               |     1 |       ||     1
 Armour: Robe              |     8 |       ||     8
  Dodge: Dodged            |    28 |     3 ||    31

Table legend: (Time is in decaauts)
 A = Elapsed time spent in this place.
 B = Non-inter-level travel time spent in this place.
 C = Inter-level travel time spent in this place.
 D = Time resting spent in this place.
 E = Time spent auto-exploring this place.
 F = Levels seen in this place.
 G = Mean time per level.
                   A        B        C        D        E       F      G
               +--------+--------+--------+--------+--------+-----+--------+
         Total |   1338 |   1274 |     64 |      0 |   1083 |   2 |  669.0 |
       Dungeon |   1338 |   1274 |     64 |      0 |   1083 |   2 |  669.0 |
               +--------+--------+--------+--------+--------+-----+--------+

Top non-repeatable levels by time:
     D:1: 911 daAuts
     D:2: 427 daAuts
